 Dungeon Crawl Stone Soup version 0.19.0 (webtiles) character file.

33 ubermensch the Digger (level 3, 18/19 HPs)
             Began as a Gargoyle Earth Elementalist on Nov 1, 2016.
             Quit the game on level 1 of the Dungeon.
             The game lasted 00:04:43 (1258 turns).

ubermensch the Digger (Gargoyle Earth Elementalist) Turns: 1258, Time: 00:04:44

Health: 18/19      AC:  5    Str: 11    XL:     3   Next: 29%
Magic:  6/6        EV: 12    Int: 16    God:
Gold:   12         SH:  0    Dex: 10    Spells: 2 memorised, 4 levels left

rFire  . . .     SeeInvis .     f - +0 whip
rCold  . . .     Gourm    .     c - +0 robe
rNeg   + . .     Faith    .     (no shield)
rPois  ∞         Spirit   .     (no helmet)
rElec  +         Reflect  .     (no cloak)
rCorr  .         Harm     .     (no gloves)
MR     .....                    (no boots)
Stlth  ++........               (no amulet)
                                (no ring)
                                (no ring)

@: no status effects
A: negative energy resistance 1, electricity resistance, unbreathing,
petrification resistance, rot immunity, AC +3
a: no special abilities


You were on level 1 of the Dungeon.
You were not hungry.

You visited 1 branch of the dungeon, and saw 1 of its levels.

You collected 12 gold pieces.

Inventory:

Hand Weapons
 f - a +0 whip (weapon)
Missiles
 b - 15 stones (quivered)
 i - 18 poisoned needles
Armour
 c - a +0 robe (worn)
Jewellery
 o - an uncursed ring of magical power {unknown}
Scrolls
 a - a scroll of random uselessness {unknown}
 g - a scroll of fog {unknown}
 j - 3 scrolls of identify {unknown}
Potions
 h - a potion of magic {unknown}
 k - a potion of curing {unknown}
 l - a potion of cancellation {unknown}
 m - a potion of experience {unknown}
Books
 e - a book of Geomancy

   Spells                             Type                      Level
   a - Sandblast                      Earth                        1
   b - Passwall                       Transmutation/Earth          2
   c - Stone Arrow                    Conjuration/Earth            3
   d - Petrify                        Transmutation/Earth          4
   e - Lee's Rapid Deconstruction     Earth                        5
Comestibles
 d - 2 bread rations
 n - a beef jerky


   Skills:
 - Level 1.5 Dodging
 - Level 2.1 Stealth
 + Level 2.5 Spellcasting
 - Level 0.7 Transmutations
 * Level 4.7 Earth Magic


You had 4 spell levels left.
You knew the following spells:

 Your Spells              Type           Power        Failure   Level  Hunger
a - Sandblast             Erth           ###...       3%          1    #......
b - Passwall              Tmut/Erth      ##........   12%         2    ##.....


Dungeon Overview and Level Annotations

Branches:
Dungeon (1/15)

Altars:


Innate Abilities, Weirdness & Mutations

You are resistant to torment.
Your stone body is resilient. (AC +3)
You are immune to poison.
You resist negative energy. (rN+)
You are resistant to electric shocks. (rElec)
You can survive without breathing.
You are immune to petrification.
You are immune to rotting.


Message History

You closely miss the jackal.
The jackal is heavily wounded.
The jackal bites you.
You hit the jackal.
You kill the jackal!
You see here a jackal corpse.
You butcher the jackal corpse.
p - 2 chunks of flesh Eat one of 2 chunks of flesh? (ye/n/q)
You start eating one of the 2 chunks of flesh.
This raw flesh tastes terrible.
You start resting.
A kobold comes into view.
You start resting.
Magic restored.
You start resting.
Eating a chunk of flesh.
You start eating the chunk of flesh.
You are feeling hungry.
This raw flesh tastes terrible.
Are you sure you want to abandon this character and quit the game? (Confirm with "yes".)

.##.............# #..........#
.##.........÷...# #..........#
.##.............# #..........#
.##.............####.#..........#
#..................#..........#
#..............#####........[.#
#..........†...#.............##
####.....%####.#.............##
#......# #@#.............##
##......# #.#..............#
........####.#..............#
.............#..............#
.........#####..............#
.........# ##.............#
.........######.............#
##............'.........)...#
#......#######.........†...#


There were no monsters in sight!

Vanquished Creatures
  2 dart slugs (D:1)
  A leopard gecko (D:1)
  A ball python (D:1)
  2 goblins (D:1)
  3 hobgoblins (D:1)
  4 jackals (D:1)
  7 kobolds (D:1)
  2 bats (D:1)
  5 rats (D:1)
27 creatures vanquished.

Notes
Turn   | Place    | Note
-------+----------+-------------------------------------------
     0 | D:1      | ubermensch the Gargoyle Earth Elementalist began the quest for the Orb.
     0 | D:1      | Reached XP level 1. HP: 10/10 MP: 3/3
   142 | D:1      | Reached skill level 4 in Earth Magic
   303 | D:1      | Reached XP level 2. HP: 15/15 MP: 5/5
   655 | D:1      | Learned a level 2 spell: Passwall
  1023 | D:1      | Reached XP level 3. HP: 12/19 MP: 0/6
  1258 | D:1      | Quit the game

Skill      XL: |  1 |
---------------+----+-----
Earth Magic    | 4 |  4.7
Dodging        | |  1.5
Stealth        | |  2.1
Spellcasting   | |  2.5
Transmutations | |  0.7

Action                   || total
-------------------------++-------
Melee: Whip              ||    48
 Cast: Sandblast         ||    29
 Stab: Sleeping          ||     1
  Eat: Chunk             ||     2
Armor: Robe              ||    20
Dodge: Dodged            ||    49
